 Dungeon Crawl Stone Soup version 0.29.1-13-g9f3cf754e1 (webtiles) character file.

Game seed: 12249927939504776064

373 croobank the Caller (level 6, 0/48 HPs)
             Began as a Demigod Summoner on Feb 9, 2023.
             Killed by an exploding themself (38 damage)
             ... ignited by their inner flame
             ... on level 5 of the Dungeon.
             The game lasted 00:12:59 (4664 turns).

croobank the Caller (Demigod Summoner)              Turns: 4664, Time: 00:13:00

Health: 0/48       AC:  5    Str:  9    XL:     6   Next: 19%
Magic:  11/13      EV: 13    Int: 25    God:
Gold:   88         SH:  5    Dex: 14    Spells: 2/11 levels left

rFire   . . .      SeeInvis .   a - +2 dagger (venom)
rCold   . . .      Faith    .   (no shield)
rNeg    . . .      Spirit   .   e - +0 robe
rPois   .          Reflect  +   s - +0 helmet
rElec   .          Harm     .   l - +0 cloak
rCorr   +          Rampage  .   (no gloves)
Will    .....                   n - +0 pair of boots
Stlth   ++........              j - amulet of reflection
HPRegen 0.16/turn               v - ring of resist corrosion
MPRegen 0.13/turn               (no ring)

@: lethally poisoned (0 -> -2)
A: high MP 1, forlorn, divine attributes
a: no special abilities


You were on level 5 of the Dungeon.
You visited 1 branch of the dungeon, and saw 5 of its levels.

You collected 88 gold pieces.

Inventory:

Hand Weapons
 a - a +2 dagger of venom (weapon)
 b - a +0 sling
 g - a +3 quarterstaff of chaos
 k - a +0 trident
 x - a +0 war axe
Missiles
 d - 3 poisoned darts (quivered)
 o - 4 boomerangs
Armour
 e - a +0 robe (worn)
 i - a +0 kite shield
 l - a +0 cloak (worn)
 n - a +0 pair of boots (worn)
 s - a +0 helmet (worn)
 u - a +0 leather armour
Jewellery
 j - an amulet of reflection (around neck)
 v - a ring of resist corrosion (left hand)
Wands
 z - a wand of mindburst (11)
Scrolls
 h - 2 scrolls of fear
 q - 2 scrolls of immolation {unknown}
 w - a scroll of enchant weapon {unknown}
 y - a scroll of magic mapping {unknown}
Potions
 c - 2 potions of berserk rage
 f - a potion of flight
 m - 3 potions of magic
 r - 2 potions of curing {unknown}
 t - a potion of heal wounds {unknown}


   Skills:
 + Level 2.2 Fighting
 + Level 3.2 Dodging
 + Level 3.3 Stealth
 + Level 3.0 Spellcasting
 + Level 0.2 Hexes
 + Level 4.5 Summonings


You had 2 spell levels left.
You knew the following spells:

 Your Spells              Type           Power      Damage    Failure   Level
a - Summon Small Mammal   Summ           100%       N/A       1%          1
b - Call Imp              Summ           26%        N/A       2%          2
c - Call Canine Familiar  Summ           26%        N/A       4%          3
d - Summon Guardian Gole  Hex/Summ       15%        N/A       12%         3

Your spell library contained the following spells:

 Spells                   Type           Power      Damage    Failure   Level
 Slow                     Hex            16%        N/A       10%         1
 Confusing Touch          Hex            4%         N/A       28%         3
 Vampiric Draining        Necr           3%         2d6       30%         3
 Summon Lightning Spire   Summ/Air       15%        N/A       36%         4


Dungeon Overview and Level Annotations

Branches:
Dungeon (5/15)
 Temple: D:4-7

Shops:
D:2 *


Innate Abilities, Weirdness & Mutations

You have an increased reservoir of magic. (+10% MP)
You shall have no god before yourself.
Your divine heritage dramatically boosts your attributes as you level up.


Message History

The kobold hits your hound with a +2 rapier of distortion.
Space warps horribly around your hound!
Your hound dies!
Your hound's corpse disappears in a puff of smoke!
The kobold brigand hits your guardian golem with the +5 rapier "Nuiraucw" {distort, Str+3}.
Casting: Summon Guardian Golem (dangerous; 12% risk of failure)
Confirm with . or Enter, or press ? or * to list all spells.
You don't have enough magic to cast this spell.
Magic courses through your body.
The kobold hits your guardian golem but does no damage.
Your guardian golem blinks!
The kobold brigand throws a poisoned dart.
The poisoned dart hits you.
You are poisoned.
Casting: Summon Guardian Golem (dangerous; 12% risk of failure)
Confirm with . or Enter, or press ? or * to list all spells.
You feel sick. What are your orders? t - Shout!
Orders for allies: a - Attack new target. r - Retreat! s - Stop attacking. g - Guard the area. f - Follow me.
Anything else - Cancel.
Gang up on whom?
Press: ? - help, Dir - move target, f - kobold
Aim: a kobold, wielding a +1 short sword of distortion (translocational energy, ally target) Attack!
You feel sick.
The kobold hits your guardian golem but does no damage.
Space warps horribly around your guardian golem!!
You feel sick.
Your guardian golem overheats!
The kobold brigand throws a poisoned dart.
The poisoned dart hits your guardian golem!
The kobold hits your guardian golem but does no damage.
Space warps horribly around your guardian golem!
Your guardian golem disappears in a puff of smoke!
Your guardian golem explodes!
The fiery explosion engulfs you!!!
Ouch! That really hurt!
You die...

############ ##...##
#..........###.....##
#.[........##.......#
#..........##.......#
#..........##.......##
#..........###.......#
#...................##
#...<......##..§§K..# .##
#..........##..@§K.###.§..
#############...hK)'...§§#
##....))...§§#
#....###...§§ #.##.# ...§#
#..##.# #..# #.###.. #. #.
##.# .. .#


You could see a kobold brigand (reflecting), 2 kobolds and a friendly hound
(summoned, sheltered).

Vanquished Creatures
  Jessica (D:3)
  An adder (D:2)
  A bat (D:1)
  3 endoplasms
  A giant cockroach (D:4)
  2 goblins
  2 quokkas (D:4)
  A giant cockroach zombie (D:3)
  2 kobolds
  A quokka zombie (D:3)
  2 rats (D:2)
17 creatures vanquished.

Vanquished Creatures (collateral kills)
  Menkaure (D:4)
  Crazy Yiuf (D:4)
  An orc wizard (D:3)
  A hound zombie (D:3)
  7 adders
  An adder zombie (D:3)
  A worm (D:4)
  2 dart slugs
  6 orcs (D:3)
  5 endoplasms
  6 goblins
  7 hobgoblins
  A quokka (D:1)
  2 ball pythons (D:1)
  3 bats
  3 frilled lizards
  7 kobolds
  5 rats
60 creatures vanquished.

Grand Total: 77 creatures vanquished

Notes
Turn   | Place    | Note
-------+----------+-------------------------------------------
     0 | D:1      | croobank the Demigod Summoner began the quest for the Orb.
     0 | D:1      | Reached XP level 1. HP: 14/14 MP: 5/5
   354 | D:1      | Reached XP level 2. HP: 20/20 MP: 4/7
   530 | D:1      | Learned a level 2 spell: Call Imp
  1393 | D:2      | Reached XP level 3. HP: 27/27 MP: 1/8
  1460 | D:2      | Learned a level 3 spell: Call Canine Familiar
  1473 | D:2      | Identified the +4 scale mail of the Crushed Shrikes {rN+++
                  | SInv}
  1582 | D:2      | Found Esalad's Assorted Antiques.
  1818 | D:2      | Reached skill level 1 in Fighting
  2621 | D:3      | Reached skill level 4 in Summonings
  2625 | D:3      | Reached XP level 4. HP: 35/35 MP: 6/10
  2625 | D:3      | Noticed Jessica
  2629 | D:3      | Killed Jessica
  3026 | D:3      | Reached XP level 5. HP: 40/40 MP: 4/11
  3657 | D:4      | Noticed Menkaure
  3691 | D:4      | Killed Menkaure
  3692 | D:4      | Reached XP level 6. HP: 22/48 MP: 2/13
  3990 | D:4      | Learned a level 3 spell: Summon Guardian Golem
  4316 | D:4      | Found a runed translucent door.
  4317 | D:4      | Noticed Crazy Yiuf
  4333 | D:4      | Killed Crazy Yiuf
  4615 | D:5      | Entered Level 5 of the Dungeon
  4628 | D:5      | Found a large runed translucent door.
  4628 | D:5      | Found a large runed translucent door.
  4646 | D:5      | Identified the +5 rapier "Nuiraucw" {distort, Str+3}
  4664 | D:5      | Killed by an exploding themself... ignited by their inner
                  | flame

Illustrated notes

Levels and vault maps discovered:
D:1:      roderic_chinese_lattice_arrival, layout_basic,
          shapermc_ecumenical_altar_venn, minmay_misc_feat_columns
D:2:      layout_loops_ring, serial_shops, nicolae_shop_trees, basic_altar
D:3:      layout_rooms, nicolae_yredelemnul_corpse_copse, uniq_jessica
D:4:      layout_rooms, uniq_menkaure, uniq_crazy_yiuf_cottage
D:5:      due_chaos_kobolds, layout_rooms, mainiacjoe_overflow_six_doors_small,
          mainiacjoe_overflow_brackets, gammafunk_ghost_smash

Skill      XL: |  1  2  3  4  5  6 |
---------------+-------------------+-----
Stealth        | 2 3 |  3.3
Dodging        | 2 3 |  3.2
Spellcasting   | 2 3 |  3.0
Fighting       | 1 2 |  2.2
Summonings     | 4 |  4.5
Hexes          | |  0.2

Action                   |  1- 3 |  4- 6 || total
-------------------------+-------+-------++-------
Melee: Dagger            |    20 |    20 ||    40
       Punch             |       |     1 ||     1
 Cast: Summon Small Mamm |    47 |    22 ||    69
       Call Imp          |    16 |    11 ||    27
       Call Canine Famil |     6 |    18 ||    24
       Summon Guardian G |       |     3 ||     3
  Use: Scroll            |     3 |     4 ||     7
       Potion            |       |     2 ||     2
 Stab: Sleeping          |     4 |     5 ||     9
Armor: Robe              |     7 |     3 ||    10
Dodge: Dodged            |    20 |     9 ||    29
Block: Other             |       |     4 ||     4
